 Dungeon Crawl Stone Soup version 0.23-a0-629-gae4348f6cf (webtiles) character file.

51 AnimeWaifu the Caller (level 3, -8/14 HPs)
             Began as a Felid Summoner on Dec 26, 2018.
             Killed from afar by Natasha (11 damage)
             ... with a magic dart
             ... on level 3 of the Dungeon.
             The game lasted 00:04:39 (2770 turns).

AnimeWaifu the Caller (Felid Summoner)              Turns: 2770, Time: 00:04:39

Health: -8/14      AC:  1    Str:  4    XL:     3   Next: 57%
Magic:  1/7        EV: 19    Int: 16    God:
Gold:   124        SH:  0    Dex: 17    Spells: 1/6 levels left
                                        Lives:  0   Deaths: 0

rFire    . . .     SeeInvis +   (weapon unavailable)
rCold    . . .     Gourm    .   (shield unavailable)
rNeg     . . .     Faith    .   (armour unavailable)
rPois    .         Spirit   .   (helmet unavailable)
rElec    .         Reflect  .   (cloak unavailable)
rCorr    .         Harm     .   (gloves unavailable)
MR       .....                  (boots unavailable)
Stlth    +++.......             (no amulet)
HPRegen  0.04/turn              (no ring)
MPRegen  0.10/turn              (no ring)

@: very slightly contaminated, quick
A: very small, no armour, no weapons or thrown items, stealth, claws 1, fangs 3,
see invisible, carnivore, speed 1, shaggy fur 1, slow metabolism 1, sharp paws
a: no special abilities


You were on level 3 of the Dungeon.
You were completely stuffed.

You visited 1 branch of the dungeon, and saw 3 of its levels.

You collected 124 gold pieces.

Inventory:

Scrolls
 g - a scroll of amnesia
 k - a scroll of remove curse
Potions
 d - 2 potions of heal wounds
 e - 3 potions of flight
 f - a potion of curing
 h - a potion of degeneration {unknown}
 l - a potion of invisibility {unknown}
Comestibles
 a - a chunk of flesh
 b - 6 rations


   Skills:
 + Level 3.5 Dodging
 - Level 2.6 Stealth
 + Level 2.4 Spellcasting
 * Level 4.7 Summonings


You had one spell level left.
You knew the following spells:

 Your Spells              Type           Power        Failure   Level  Hunger
a - Call Canine Familiar  Summ           ###.....     9%          3    ###....
b - Call Imp              Summ           ###.....     4%          2    ###....

Your spell library contained the following spells:

 Spells                   Type           Power        Failure   Level  Hunger
 Summon Small Mammal      Summ           ###.         2%          1    #......
 Summon Guardian Golem    Hex/Summ       #.......     22%         3    ###....
 Summon Ice Beast         Ice/Summ       #.......     58%         4    #####..
 Summon Lightning Spire   Summ/Air       #.......     58%         4    #####..


Dungeon Overview and Level Annotations

Branches:
Dungeon (3/15)

Altars:

Annotations:
D:3 3 runed doors, Natasha; hemabe's ghost, amateur HuAr


Innate Abilities, Weirdness & Mutations

You cannot wear armour.
You are incapable of wielding weapons or throwing items.
Your paws allow you to move quietly. (Stealth)
You have sharp claws.
You have razor-sharp teeth.
You have supernaturally acute eyesight. (SInv)
You are carnivorous and can eat meat at any time.
You cover ground quickly.
You are covered in fur. (AC +1)
You have a slow metabolism.
Your sharp claws are effective at attacking unaware monsters.


Message History

Natasha stares at you and mumbles some strange words.
The magic dart hits you!
Okay, then.
Okay, then.
Natasha casts a spell at you. The magic dart hits you!
Ouch! That really hurt!
* * * LOW HITPOINT WARNING * * *
You barely miss Natasha.
Natasha is almost dead.
Natasha barely misses you.
You scratch Natasha but do no damage.
Natasha is almost dead.
Natasha completely misses you. Natasha barely misses you.
You closely miss Natasha.
Natasha is almost dead.
Natasha casts a spell at you. The magic dart hits you!
Ouch! That really hurt!
You die...

####### #.#
###### ####.#
.....# #....#
####.# #.#### #.#
#.# #.# #h# #.#
#.# #.#
###########.# #.#
#........@h.#
#.###.#.#.#######
#.......#.#
#####.###.#
#.....# #######


You could see Natasha.

Vanquished Creatures
  A bat (D:2)
  A goblin (D:2)
2 creatures vanquished.

Vanquished Creatures (collateral kills)
  Natasha (D:3)
  2 adders (D:2)
  A dart slug (D:2)
  3 bats (D:1)
  2 giant cockroaches
  6 goblins
  4 hobgoblins
  3 jackals (D:3)
  9 kobolds
  A quokka (D:3)
  2 frilled lizards
  5 rats
39 creatures vanquished.

Grand Total: 41 creatures vanquished

Notes
Turn   | Place    | Note
-------+----------+-------------------------------------------
     0 | D:1      | AnimeWaifu the Felid Summoner began the quest for the Orb.
     0 | D:1      | Reached XP level 1. HP: 7/7 MP: 4/4
   762 | D:1      | Reached XP level 2. HP: 11/11 MP: 4/6
  1266 | D:1      | Learned a level 2 spell: Call Imp
  1671 | D:2      | Reached XP level 3. HP: 14/14 MP: 4/7
  1676 | D:2      | Learned a level 3 spell: Call Canine Familiar
  2517 | D:3      | Noticed Natasha
  2573 | D:3      | Killed Natasha
  2688 | D:3      | Found a runed gate.
  2688 | D:3      | Found a runed gate.
  2688 | D:3      | Found a runed gate.
  2696 | D:3      | Noticed hemabe's ghost (amateur HuAr)
  2744 | D:3      | Noticed Natasha
  2770 | D:3      | Killed from afar by Natasha

Vault maps used:
D:1:      dpeg_arrival_tiny_g, minivault_25, minmay_misc_feat_x,
          minmay_pentomino_q4
D:2:      minmay_kobold_bridge, first_ration
D:3:      gammafunk_ghost_split, grunt_ashenzari_visionary, uniq_grinder,
          uniq_robin, uniq_natasha

Skill      XL: |  1 |
---------------+----+-----
Dodging        | 3 |  3.5
Stealth        | |  2.6
Spellcasting   | |  2.4
Summonings     | |  4.7

Action                   || total
-------------------------++-------
Melee: Unarmed           ||    15
 Cast: Summon Small Mamm ||    29
       Call Imp          ||     6
       Call Canine Famil ||    11
  Use: Scroll            ||    10
 Stab: Sleeping          ||     2
  Eat: Chunk             ||    13
Armor: Skin              ||     6
Dodge: Dodged            ||    68

Table legend:
 A = Non-vault XP
 B = Vault XP
 C = Vault XP percentage of total XP
 D = Non-vault monster count
 E = Vault monster count
 F = Vault count percentage of total count
                 A         B        C        D         E       F
            +---------+---------+-------+---------+---------+-------
      Total |      49 |      24 |  32.9 |      34 |       7 |  17.1
            +---------+---------+-------+---------+---------+-------
        D:1 |      13 |       2 |  13.3 |      13 |       2 |  13.3
        D:2 |      31 |       4 |  11.4 |      16 |       4 |  20.0
        D:3 |       5 |      18 |  78.3 |       5 |       1 |  16.7
            +---------+---------+-------+---------+---------+-------
